Map: Shrines of Lizul

Players

Metasapien

  • Race: Protoss Protoss
  • League: Platinum
  • Spawn Location: 9:00

Kswiss

  • Race: Terran Terran
  • League: Silver
  • Spawn Location: 6:00

A.I. 2 (Very Hard) - Winner!

  • Race: Terran Terran
  • Spawn Location: 3:00

A.I. 3 (Very Hard) - Winner!

  • Race: Protoss Protoss
  • Spawn Location: 12:00

VOD

Have the link to the VOD?

Description

Time

  • Played on: Sept. 23, 2017, 1:18 a.m.
  • Length: 14:30
Show
View Real Time Build Order
Export as new Build Order

Metasapien Protoss 

Build Orders:  

Get SALT Encoding   

  12  0:02  Probe (Chrono Boost)  
  13  0:19  Probe (Chrono Boost)  
  14  0:29  Probe (Chrono Boost)  
  15  0:44  Assimilator  
  15  0:49  Pylon  
  15  1:07  Probe (Chrono Boost)  
  16  1:18  Probe (Chrono Boost)  
  17  1:25  Gateway  
  17  1:32  Nexus  
  18  1:33  Probe (Chrono Boost)  
  18  1:43  Probe (Chrono Boost)  
  19  1:53  Pylon  
  19  1:54  Probe (Chrono Boost)  
  20  2:00  Pylon  
  20  2:03  Forge  
  20  2:05  Probe (Chrono Boost)  
  21  2:14  Zealot  
  21  2:15  Probe (Chrono Boost)  
  24  2:26  Probe (Chrono Boost)  
  25  2:36  Probe (Chrono Boost)  
  26  2:41  Assimilator  
  26  3:04  Cybernetics Core  
  26  3:08  Gateway  
  26  3:11  Zealot  
  29  3:12  Probe (Chrono Boost)  
  29  3:23  Probe (Chrono Boost), Photon Cannon  
  30  3:34  Probe (Chrono Boost), Pylon  
  31  3:38  Zealot  
  33  3:44  Probe (Chrono Boost)  
  34  3:50  Assimilator  
  34  3:53  Assimilator  
  34  3:55  Probe (Chrono Boost)  
  35  3:57  Pylon  
  35  4:02  Mothership Core (Chrono Boost)  
  37  4:04  Stalker  
  37  4:05  Probe (Chrono Boost)  
  37  4:06  Warp Gate  
  40  4:10  Gateway  
  40  4:21  Twilight Council  
  40  4:35  Probe (Chrono Boost)  
  40  4:38  Probe (Chrono Boost)  
  42  4:45  Probe (Chrono Boost)  
  43  4:48  Probe (Chrono Boost)  
  43  4:50  Robotics Facility  
  44  4:56  Probe (Chrono Boost), Robotics Facility  
  44  4:59  Probe (Chrono Boost)  
  46  5:06  Probe (Chrono Boost)  
  47  5:08  Pylon  
  47  5:09  Probe (Chrono Boost)  
  48  5:17  Probe (Chrono Boost)  
  49  5:24  Charge  
  49  5:27  Probe (Chrono Boost)  
  50  5:31  Stalker  
  52  5:38  Probe (Chrono Boost)  
  52  5:41  Probe (Chrono Boost)  
  54  5:48  Probe (Chrono Boost)  
  55  5:59  Probe (Chrono Boost)  
  56  6:09  Probe (Chrono Boost)  
  57  6:13  Gateway  
  57  6:27  Protoss Shields Level 1  
  57  6:31  Immortal (Chrono Boost)  
  57  6:32  Immortal (Chrono Boost)  
  65  6:45  Stalker  
  67  6:49  Blink  
  75  7:10  Stalker  
  75  7:12  Immortal x2 (Chrono Boost)  
  75  7:13  Pylon  
  77  7:38  Stalker x2  
  77  7:39  Stalker  
  83  7:50  Warp Prism (Chrono Boost)  
  81  7:54  Warp Prism (Chrono Boost), Stalker  
  79  8:09  Nexus  
  79  8:25  Warp Prism (Chrono Boost)  
  85  8:30  Immortal (Chrono Boost)  
  85  8:34  Assimilator  
  85  8:36  Assimilator  
  85  8:50  Pylon  
  85  8:53  Pylon  
  85  8:56  Pylon  
  89  9:14  Immortal (Chrono Boost)  
  83  9:35  Templar Archives  
  73  9:39  Robotics Bay  
  73  9:43  Stalker x2  
  73  9:44  Stalker x2  
  69  10:14  Stalker, Immortal x2 (Chrono Boost)  
  73  10:15  Stalker  
  73  10:16  Stalker  
  57  10:33  Stalker  
  57  10:45  Gateway  
  57  10:46  Gateway  
  57  10:48  Gateway  
  57  10:53  Photon Cannon  
  57  10:54  Photon Cannon  
  57  11:00  Stalker x2  
  57  11:03  High Templar x2  
  65  11:09  Archon  
  65  11:25  Stalker  
  65  11:26  Sentry  
  65  11:36  Immortal x2 (Chrono Boost)  
  55  11:45  Mothership Core  
  57  11:49  Photon Cannon  
  57  12:10  Immortal (Chrono Boost)  
  57  12:11  Immortal (Chrono Boost)  
  57  12:14  Probe  
  66  12:25  Probe  
  67  12:30  Stalker x3  
  67  12:31  Stalker x2  
  67  12:35  Probe  
  77  12:41  Sentry  
  78  12:45  Immortal (Chrono Boost)  
  78  12:46  Probe  
  67  12:56  Probe, Stalker  
  67  12:57  Stalker x2  
  67  12:58  Stalker  
  57  13:06  Stalker x2  
  57  13:07  Stalker  
  57  13:11  Immortal (Chrono Boost)  
  53  13:23  Immortal (Chrono Boost)  
  47  13:30  Zealot x3  
  38  13:49  Robotics Facility  
  36  13:56  Gateway  
  36  13:59  Gateway  
  36  14:00  Gateway  
  36  14:03  Gateway  
  36  14:04  Gateway  
  36  14:06  Stalker x2  
  26  14:22  Pylon  
  26  14:25  Pylon  
Show
View Real Time Build Order
Export as new Build Order

Kswiss Terran 

Build Orders: MMM Bio 

Get SALT Encoding   

  12  0:06  SCV  
  13  0:18  SCV  
  14  0:26  Supply Depot  
  14  0:30  SCV  
  15  0:48  SCV  
  15  0:49  Barracks  
  16  0:57  Refinery  
  16  0:59  Refinery  
  16  1:00  SCV  
  17  1:12  SCV  
  18  1:24  SCV  
  19  1:53  Barracks Tech Lab  
  19  1:57  Supply Depot  
  19  2:01  Orbital Command  
  19  2:18  Reaper  
  20  2:49  Factory  
  20  2:50  Reaper  
  21  2:57  Supply Depot  
  21  2:59  SCV  
  22  3:11  SCV  
  23  3:22  Reaper  
  23  3:23  SCV  
  25  3:28  Supply Depot  
  25  3:34  Stimpack  
  25  3:35  SCV  
  25  3:36  Factory Tech Lab  
  26  3:48  Starport  
  26  3:51  SCV  
  26  3:54  Reaper  
  28  4:09  Cyclone  
  31  4:17  Supply Depot  
  31  4:26  Reaper  
  31  4:27  Starport Tech Lab  
  32  4:34  Barracks  
  32  4:39  Supply Depot  
  32  4:45  Barracks  
  32  4:48  Cyclone  
  35  5:01  High Capacity Fuel Tanks  
  35  5:34  Combat Shields  
  35  5:35  Banshee  
  38  5:44  Barracks Reactor  
  38  5:49  Supply Depot  
  38  5:53  Barracks Reactor  
  38  6:22  Engineering Bay  
  38  6:25  Supply Depot  
  38  6:26  SCV  
  38  6:32  Marine  
  39  6:33  Marine x3  
  39  6:37  Marauder  
  45  6:47  Medivac  
  45  6:53  Concussive Shells  
  47  6:58  Marauder  
  47  7:00  Command Center, Marine x2  
  47  7:01  Marine x2  
  53  7:16  Supply Depot  
  53  7:17  Medivac  
  53  7:18  Marine x3  
  53  7:19  Terran Infantry Weapons Level 1, Marine  
  53  7:20  Marauder  
  61  7:31  Missile Turret  
  59  7:41  Marauder  
  49  8:08  Marauder, Marine  
  49  8:09  Marine x3  
  47  8:26  Marine  
  48  8:42  Medivac  
  50  8:55  Marine  
  50  8:56  Marine x2  
  50  8:57  Marine  
  50  8:58  Marauder  
  56  9:07  Armory  
  56  9:12  Medivac  
  56  9:13  Terran Infantry Armor Level 1, Marine x3  
  56  9:15  Missile Turret  
  61  9:19  Marauder  
  47  9:42  Refinery  
  41  10:04  Marine x4  
  47  10:07  Marauder  
  43  10:20  SCV  
  38  10:22  Marine x4  
  40  10:28  Marauder  
  40  10:32  SCV  
  28  10:57  Marine x2  
  28  10:58  Marine  
  27  11:16  Marine  
  27  11:17  Marine  
  18  11:58  Orbital Command  
  18  12:10  Barracks  
  18  12:16  Barracks  
  18  12:29  Engineering Bay  
  18  12:32  Refinery  
Show
View Real Time Build Order
Export as new Build Order

A.I. 2 (Very Hard) Terran - Winner!

Build Orders: Mech 

Get SALT Encoding   

  12  0:01  SCV  
  13  0:13  SCV  
  14  0:20  Supply Depot  
  14  0:25  SCV  
  15  0:41  SCV  
  16  0:45  Barracks  
  16  0:54  SCV  
  17  1:06  SCV  
  18  1:18  SCV  
  19  1:19  Supply Depot  
  19  1:23  Refinery  
  19  1:30  SCV  
  20  1:33  Marine  
  21  1:42  SCV  
  22  1:49  Refinery  
  22  1:51  Marine  
  23  1:54  SCV  
  24  2:06  SCV  
  25  2:09  Marine  
  26  2:18  SCV  
  26  2:20  Factory  
  27  2:27  Marine  
  28  2:30  SCV  
  29  2:40  Factory  
  29  2:42  SCV  
  30  2:44  Marine  
  30  2:47  Supply Depot  
  31  2:54  Orbital Command  
  31  3:06  Factory Tech Lab  
  31  3:09  Marine  
  32  3:20  SCV  
  32  3:22  Command Center  
  32  3:27  Marine  
  33  3:32  SCV  
  35  3:44  SCV, Marine  
  37  3:56  SCV  
  37  4:00  Supply Depot  
  38  4:08  SCV  
  39  4:14  Barracks  
  39  4:22  Hellion, Siege Tank, SCV  
  45  4:28  Marine  
  46  4:34  SCV x2  
  46  4:36  Supply Depot  
  48  4:43  Hellion  
  50  4:46  SCV x2, Marine  
  53  4:54  Siege Tank  
  53  4:58  SCV x2  
  57  5:03  Supply Depot  
  57  5:05  Hellion  
  59  5:10  SCV  
  59  5:12  Barracks Tech Lab  
  60  5:17  Factory  
  60  5:22  Command Center  
  60  5:26  Hellion, Factory Tech Lab  
  62  5:39  Marauder  
  64  5:47  Siege Tank  
  67  5:53  Supply Depot  
  67  5:58  Siege Tank  
  67  6:00  Marauder  
  72  6:15  Hellion  
  74  6:19  Supply Depot  
  74  6:20  Siege Tank  
  74  6:21  Marauder  
  79  6:30  Hellion  
  81  6:34  Infernal Pre-Igniter  
  81  6:38  SCV  
  82  6:42  SCV  
  82  6:43  Marauder  
  82  6:46  SCV  
  86  6:50  SCV  
  86  6:51  Siege Tank  
  90  7:01  Refinery  
  90  7:04  Marauder  
  92  7:08  Supply Depot  
  92  7:10  Refinery  
  92  7:11  Command Center  
  92  7:26  Marauder  
  94  7:32  SCV x2  
  94  7:33  SCV  
  97  7:40  Armory  
  97  7:47  Marauder  
  97  7:50  Marine  
  100  7:51  Supply Depot  
  100  7:58  Engineering Bay  
  100  8:08  Marauder, Marine  
  103  8:18  Supply Depot  
  103  8:23  Stimpack  
  103  8:25  SCV  
  103  8:26  Terran Infantry Weapons Level 1, Marine  
  106  8:27  Thor, SCV  
  106  8:30  Marauder, SCV  
  106  8:32  SCV  
  116  8:37  SCV  
  116  8:39  SCV  
  118  8:42  SCV  
  118  8:44  SCV, Marine  
  121  8:49  SCV  
  121  8:50  Marine  
  121  8:51  SCV  
  121  8:54  SCV  
  125  8:56  SCV  
  125  8:57  Thor  
  125  9:01  SCV, Marine  
  134  9:05  Supply Depot  
  134  9:08  Marine  
  135  9:19  Marine  
  135  9:21  Engineering Bay  
  135  9:22  Terran Vehicle Weapons Level 1  
  136  9:26  Marine  
  136  9:30  Armory  
  133  9:33  Hellion, Supply Depot  
  133  9:35  Hellion  
  133  9:37  Marine  
  117  9:41  Hellion  
  117  9:44  Orbital Command, Marine  
  98  9:54  Hellion  
  98  9:55  Marine  
  98  9:56  Hellion, Missile Turret  
  98  9:57  Terran Infantry Armor Level 1  
  94  10:02  Siege Tank, Marauder  
  94  10:03  Missile Turret  
  98  10:13  Marine  
  93  10:14  Orbital Command  
  93  10:15  Siege Tank  
  93  10:18  Hellion, Missile Turret  
  98  10:23  Marine  
  98  10:24  Combat Shields  
  98  10:25  Missile Turret, Terran Vehicle And Ship Armor Level 1  
  98  10:26  Refinery  
  99  10:30  Marine  
  99  10:34  Thor  
  106  10:37  Starport  
  106  10:38  Widow Mine, Command Center  
  106  10:41  Marauder  
  110  10:47  Siege Tank  
  113  10:54  Refinery  
  113  11:03  Marauder  
  115  11:05  Missile Turret  
  115  11:08  Factory Tech Lab  
  115  11:14  Terran Infantry Weapons Level 2  
  115  11:16  SCV, Widow Mine  
  115  11:17  Medivac  
  120  11:19  Siege Tank, Barracks  
  120  11:24  Marauder  
  125  11:26  Missile Turret, Thor  
  131  11:41  Terran Vehicle Weapons Level 2  
  131  11:45  Missile Turret, Siege Tank  
  131  11:46  Marauder  
  136  11:50  SCV  
  136  11:51  SCV  
  136  11:52  Siege Tank, SCV x2  
  136  11:53  SCV  
  144  12:00  Refinery  
  144  12:02  SCV  
  144  12:05  Planetary Fortress, SCV  
  144  12:06  Missile Turret, SCV x2  
  144  12:07  Marauder  
  150  12:09  Siege Tank  
  150  12:10  Missile Turret  
  150  12:11  Refinery  
  150  12:12  Marine  
  150  12:13  Barracks Tech Lab  
  150  12:14  SCV  
  155  12:16  Supply Depot  
  155  12:17  Siege Tank, SCV  
  155  12:21  Medivac  
  161  12:28  Marauder  
  163  12:30  Marine  
  163  12:31  Barracks Reactor  
  164  12:42  Barracks  
  162  12:44  Supply Depot  
  162  12:49  Marauder, Marine  
  159  12:51  Starport Tech Lab  
  159  12:55  Missile Turret  
  159  12:58  Missile Turret  
  151  13:01  Missile Turret  
  141  13:07  Marine x2  
  141  13:08  Marine  
  141  13:09  Raven, Starport  
  141  13:10  Marauder, Command Center  
  147  13:24  Missile Turret  
  147  13:25  Marauder, Marine  
  147  13:26  Marine  
  151  13:28  Marine  
  151  13:30  Ghost Academy  
  151  13:32  Marauder  
  142  13:42  Concussive Shells, Marine  
  142  13:44  Missile Turret, Marine  
  142  13:45  Medivac  
  142  13:46  Marine  
  142  13:47  Marauder  
  148  13:48  Missile Turret  
  148  13:52  Marine  
  148  13:54  Missile Turret  
  149  13:57  Missile Turret  
  149  14:00  Marine  
  149  14:01  Barracks  
  149  14:02  Marine  
  149  14:04  Barracks Tech Lab  
  149  14:08  Marauder  
  148  14:15  Starport Reactor  
  150  14:19  Missile Turret  
Show
View Real Time Build Order
Export as new Build Order

A.I. 3 (Very Hard) Protoss - Winner!

Build Orders: Zealot Archon, Dark Templar Rush 

Get SALT Encoding   

  12  0:01  Probe (Chrono Boost)  
  13  0:11  Probe (Chrono Boost)  
  14  0:22  Probe (Chrono Boost), Pylon  
  15  0:40  Probe (Chrono Boost)  
  16  0:46  Assimilator  
  16  0:50  Gateway  
  16  0:51  Probe (Chrono Boost)  
  17  1:00  Pylon  
  17  1:01  Probe (Chrono Boost)  
  18  1:12  Probe (Chrono Boost)  
  19  1:22  Probe (Chrono Boost)  
  20  1:33  Probe (Chrono Boost)  
  20  1:35  Assimilator  
  20  1:37  Zealot  
  23  1:40  Cybernetics Core  
  23  1:45  Probe (Chrono Boost)  
  24  1:56  Probe (Chrono Boost)  
  25  2:02  Zealot  
  25  2:07  Probe (Chrono Boost)  
  28  2:11  Warp Gate  
  28  2:19  Twilight Council, Pylon, Probe (Chrono Boost)  
  29  2:28  Stalker  
  31  2:39  Gateway  
  31  2:51  Probe (Chrono Boost)  
  32  2:59  Dark Shrine  
  32  3:02  Probe (Chrono Boost)  
  33  3:06  Gateway  
  34  3:13  Pylon  
  34  3:14  Probe (Chrono Boost)  
  34  3:19  Zealot  
  34  3:25  Probe (Chrono Boost)  
  34  3:26  Zealot  
  39  3:37  Pylon  
  39  3:58  Probe (Chrono Boost)  
  39  4:00  Adept  
  42  4:13  Dark Templar  
  42  4:14  Stalker  
  42  4:15  Pylon  
  46  4:34  Stalker  
  46  4:35  Sentry  
  50  4:44  Dark Templar  
  52  4:49  Pylon  
  52  4:56  Adept  
  52  4:57  Archon  
  52  4:58  Dark Templar  
  56  5:11  Gateway  
  56  5:14  Dark Templar  
  56  5:16  Stalker  
  60  5:24  Nexus  
  60  5:29  Archon, Stalker  
  62  5:41  Pylon  
  62  5:44  Dark Templar  
  64  6:07  Dark Templar  
  66  6:15  Stalker  
  68  6:22  Archon  
  68  6:35  Pylon  
  68  6:37  Probe (Chrono Boost)  
  68  6:38  Probe (Chrono Boost)  
  70  6:40  Dark Templar  
  72  6:49  Probe (Chrono Boost)  
  72  6:50  Probe (Chrono Boost)  
  72  6:54  Nexus, Assimilator  
  74  7:00  Probe (Chrono Boost)  
  76  7:02  Probe (Chrono Boost), Assimilator  
  76  7:04  Dark Templar  
  78  7:11  Probe (Chrono Boost)  
  78  7:13  Probe (Chrono Boost)  
  80  7:22  Probe (Chrono Boost)  
  81  7:23  Robotics Facility  
  81  7:24  Probe (Chrono Boost)  
  82  7:31  Zealot  
  82  7:33  Probe (Chrono Boost)  
  82  7:35  Probe (Chrono Boost)  
  82  7:37  Stalker  
  82  7:42  Stalker  
  79  7:44  Probe (Chrono Boost)  
  79  7:47  Probe (Chrono Boost)  
  60  7:51  Sentry  
  60  7:53  Zealot  
  60  7:55  Probe (Chrono Boost)  
  59  7:59  Stalker  
  59  8:03  Adept  
  63  8:10  Probe (Chrono Boost)  
  63  8:11  Observer  
  63  8:12  Probe (Chrono Boost)  
  65  8:13  Adept, Stalker  
  65  8:15  Probe (Chrono Boost)  
  71  8:21  Probe (Chrono Boost)  
  71  8:24  Probe (Chrono Boost)  
  71  8:26  Probe (Chrono Boost)  
  74  8:28  Stalker  
  74  8:32  Dark Templar  
  74  8:33  Probe (Chrono Boost)  
  75  8:35  Probe (Chrono Boost)  
  75  8:38  Dark Templar  
  79  8:41  Probe (Chrono Boost)  
  79  8:44  Probe (Chrono Boost)  
  79  8:46  Probe (Chrono Boost)  
  79  8:47  Stalker  
  83  8:52  Archon, Stalker  
  83  8:55  Probe (Chrono Boost)  
  86  8:58  Probe (Chrono Boost)  
  86  9:00  Probe (Chrono Boost)  
  88  9:02  Dark Templar  
  88  9:06  Probe (Chrono Boost)  
  88  9:08  Dark Templar  
  88  9:09  Probe (Chrono Boost)  
  94  9:10  Stalker  
  94  9:11  Probe (Chrono Boost)  
  94  9:15  Zealot  
  100  9:18  Probe (Chrono Boost)  
  100  9:21  Probe (Chrono Boost)  
  102  9:25  Probe (Chrono Boost), Archon  
  102  9:27  Pylon  
  102  9:32  Zealot  
  102  9:33  Zealot  
  102  9:34  Sentry  
  102  9:38  Assimilator, Zealot  
  110  9:47  Assimilator  
  110  9:50  Dark Templar  
  110  9:52  Pylon, Dark Templar  
  114  9:55  Stalker  
  114  9:56  Stalker  
  118  10:02  Probe (Chrono Boost)  
  119  10:10  Probe (Chrono Boost)  
  119  10:11  Probe (Chrono Boost)  
  119  10:12  Templar Archives  
  118  10:14  Probe (Chrono Boost), Pylon  
  118  10:16  Zealot  
  120  10:22  Forge  
  120  10:24  Pylon  
  118  10:30  Forge  
  118  10:33  Pylon  
  118  10:35  Stalker  
  120  10:38  Gateway  
  120  10:41  Stalker  
  120  10:44  Psionic Storm  
  120  10:45  Sentry  
  120  10:46  Adept  
  122  10:56  High Templar  
  120  10:59  Photon Cannon  
  120  11:01  Photon Cannon  
  120  11:03  High Templar  
  122  11:04  Pylon  
  122  11:05  Stalker  
  122  11:06  Pylon  
  122  11:08  Archon  
  124  11:14  Zealot  
  124  11:16  Robotics Bay  
  116  11:25  Zealot  
  116  11:26  Zealot  
  116  11:31  Photon Cannon  
  116  11:32  Zealot  
  118  11:33  Stalker x2  
  118  11:35  Photon Cannon  
  118  11:36  Protoss Ground Weapons Level 1  
  122  11:40  Photon Cannon  
  122  11:44  Adept, Protoss Ground Armor Level 1  
  122  11:45  Sentry  
  122  11:46  Photon Cannon  
  125  11:51  Zealot  
  125  11:52  Nexus  
  127  11:54  Adept  
  127  11:56  Adept  
  127  11:58  Colossus  
  131  12:05  Robotics Facility  
  137  12:24  Stalker  
  137  12:26  Charge  
  137  12:27  Stalker  
  137  12:29  Adept  
  143  12:36  Photon Cannon  
  143  12:42  Pylon  
  143  12:46  Colossus  
  143  12:48  Photon Cannon  
  143  12:49  Warp Prism  
  143  12:53  Photon Cannon  
  151  13:05  Probe x2 (Chrono Boost)  
  153  13:06  Pylon  
  153  13:14  Pylon  
  153  13:18  Colossus  
  153  13:23  Assimilator  
  153  13:25  Gravitic Drive, Photon Cannon  
  159  13:29  Photon Cannon  
  159  13:34  Stargate  
  159  13:35  Disruptor  
  159  13:36  Forge  
  159  13:38  Pylon  
  162  13:41  Gateway  
  162  13:49  Nexus  
  162  14:03  Photon Cannon  
  162  14:13  Robotics Facility  
  166  14:26  Assimilator, Stalker  
  166  14:29  Stalker  
Tags
 
Add a new tag
Caveats
  • Supply blocks, unpowered buildings, or Contaminate may cause inaccurate times.
  • Supply counts are checked every 10 seconds.